 Dungeon Crawl Stone Soup version 0.29.1-2-gbd0b4ee654 (webtiles) character file.

Game seed: 7019265185637255510

1327 DemonSlayer the Chiller (level 8, -8/57 HPs)
             Began as a Barachi Ice Elementalist on Nov 24, 2022.
             Was a Follower of Cheibriados.
             Mangled by an ice beast (14 damage)
             ... on level 6 of the Dungeon.
             The game lasted 00:15:25 (6702 turns).

DemonSlayer the Chiller (Barachi Ice Elementalist)  Turns: 6702, Time: 00:15:26

Health: -8/57      AC:  5    Str: 13    XL:     8   Next: 60%
Magic:  16/17      EV: 12    Int: 19    God:    Cheibriados [*.....]
Gold:   110        SH:  4    Dex: 14    Spells: 8/19 levels left

rFire   . . .      SeeInvis .   k - +1 spear (vamp)
rCold   . . .      Faith    .   x - +0 buckler
rNeg    . . .      Spirit   .   p - +0 leather armour
rPois   .          Reflect  .   n - +0 helmet
rElec   .          Harm     .   i - +0 cloak
rCorr   .          Rampage  .   (no gloves)
Will    +....                   (no boots)
Stlth   ++........              (no amulet)
HPRegen 0.19/turn               j - ring of willpower
MPRegen 0.15/turn               (no ring)

@: very slow
A: amphibious, slowness 1, strong legs 1, +LOS
a: Hop, Renounce Religion, Bend Time


You were on level 6 of the Dungeon.
You worshipped Cheibriados.
Cheibriados was aware of your devotion.
You visited 2 branches of the dungeon, and saw 7 of its levels.

You collected 240 gold pieces.
You spent 130 gold pieces at shops.

Inventory:

Hand Weapons
 k - a +1 vampiric spear (weapon)
Armour
 i - a +0 cloak (worn)
 n - a +0 helmet (worn)
 p - a +0 leather armour (worn)
 x - a +0 buckler (worn)
Jewellery
 j - a ring of willpower (left hand)
 v - an amulet of reflection
Wands
 s - a wand of flame (29)
 u - a wand of mindburst (16)
Scrolls
 d - a scroll of magic mapping
 h - a scroll of silence
 m - 2 scrolls of brand weapon
 r - a scroll of enchant armour
Potions
 a - 7 potions of lignification
 b - a potion of magic
 c - a potion of ambrosia
 f - a potion of resistance {unknown}
 l - a potion of cancellation {unknown}
 o - 2 potions of mutation
 q - 3 potions of might {unknown}
 z - a potion of brilliance {unknown}


   Skills:
 + Level 2.7 Fighting
 + Level 0.1 Short Blades
 + Level 3.1 Polearms
 + Level 3.3 Armour
 + Level 4.1 Dodging
 + Level 2.7 Stealth
 + Level 1.1 Shields
 + Level 6.0 Spellcasting
 + Level 7.8 Ice Magic


You had 8 spell levels left.
You knew the following spells:

 Your Spells              Type           Power      Damage    Failure   Level
a - Freeze                Ice            100%       1d11      1%          1
b - Frozen Ramparts       Ice            70%        1d11      2%          3
c - Ozocubu's Armour      Ice            35%        N/A       2%          3
d - Hailstorm             Conj/Ice       20%        3d6       36%         4

Your spell library contained the following spells:

 Spells                   Type           Power      Damage    Failure   Level


Dungeon Overview and Level Annotations

Branches:
Dungeon (6/15)             Temple (1/1) D:5

Altars:
Cheibriados
Dithmenos
Elyvilon
Fedhas
Hepliaklqana
Kikubaaqudgha
Makhleb
Okawaru
Qazlal
Ru
Sif Muna
Trog
Uskayaw
Vehumet
Yredelemnul
Zin
The Shining One

Shops:
D:3 !   D:4 :

Annotations:
D:5 exclusion: statue


Innate Abilities, Weirdness & Mutations

You are amphibious.
You cover ground slowly.
You can hop short distances.
You have an extended range of vision and can be seen from far away.


Message History

You hit the ice beast.
You feel better.
The ice beast is moderately wounded.
You block the ice beast's attack.
You hit the ice beast but do no damage.
The ice beast is moderately wounded.
The ice beast barely misses you.
You hit the ice beast but do no damage.
The ice beast is moderately wounded.
The ice beast barely misses you.
You closely miss the ice beast.
The ice beast is moderately wounded.
The ice beast barely misses you.
You barely miss the ice beast.
The ice beast is moderately wounded.
The ice beast barely misses you.
You hit the ice beast.
The ice beast is moderately wounded.
The ice beast hits you but does no damage.
You hit the ice beast.
You feel better.
The ice beast is heavily wounded.
The ice beast hits you. The ice beast freezes you.
You hit the ice beast but do no damage.
The ice beast is heavily wounded.
The ice beast hits you. The ice beast freezes you.
You are too injured to fight recklessly!
You are too injured to fight recklessly!
You are too injured to fight recklessly!
You are too injured to fight recklessly!
You are too injured to fight recklessly!
You are too injured to fight recklessly!
You hit the ice beast.
The ice beast is heavily wounded.
The ice beast hits you. The ice beast freezes you!
* * * LOW HITPOINT WARNING * * *
You barely miss the ice beast.
The ice beast is heavily wounded.
The ice beast hits you.
* * * LOW HITPOINT WARNING * * *
The ice beast freezes you!
You die...

#......## ........## .........#
########## .........#
#........### .........#
#..........# .........#
#..........*
.........###.......(#**
................Y...#
...........#....@...#
.........###........# #######
.......(.###........# #.....#
.........#......>...# #.....#
.........#.#..<.....#####.....#
..............................#
..............>#########>.....#
...........##### ##.######
.......##.## #..#


You could see an ice beast.

Vanquished Creatures
  A black bear (D:6)
  A gnoll sergeant (D:5)
  2 bullfrogs (D:6)
  4 scorpions
  5 killer bees (D:6)
  A howler monkey (D:5)
  4 hounds
  2 iguanas
  3 orc wizards
  4 gnolls
  4 adders
  A white imp (D:6)
  An ufetubus (D:5)
  3 worms
  12 orcs
  11 ball pythons
  13 endoplasms
  3 giant cockroaches
  9 goblins
  8 hobgoblins
  2 quokkas (D:2)
  4 bats
  A frilled lizard (D:1)
  6 kobolds
  8 rats
113 creatures vanquished.

Vanquished Creatures (collateral kills)
  A bullfrog (D:6)
  A scorpion (D:6)
2 creatures vanquished.

Grand Total: 115 creatures vanquished

Notes
Turn   | Place    | Note
-------+----------+-------------------------------------------
     0 | D:1      | DemonSlayer the Barachi Ice Elementalist began the quest
                  | for the Orb.
     0 | D:1      | Reached XP level 1. HP: 13/13 MP: 3/3
    45 | D:1      | Reached skill level 5 in Ice Magic
   136 | D:1      | Reached XP level 2. HP: 19/19 MP: 3/5
   381 | D:1      | Reached XP level 3. HP: 10/24 MP: 0/6
   766 | D:1      | Found a faded altar of an unknown god.
  1349 | D:1      | Learned a level 3 spell: Frozen Ramparts
  1353 | D:1      | Learned a level 3 spell: Ozocubu's Armour
  1834 | D:2      | Reached XP level 4. HP: 28/30 MP: 1/8
  2171 | D:2      | Reached skill level 1 in Fighting
  2412 | D:3      | You fall into a shaft and drop 1 floor!
  2521 | D:4      | Reached XP level 5. HP: 18/37 MP: 3/10
  2752 | D:4      | Reached skill level 1 in Polearms
  2752 | D:4      | Reached skill level 1 in Armour
  2752 | D:4      | Reached skill level 6 in Ice Magic
  2755 | D:4      | Reached XP level 6. HP: 30/43 MP: 1/11
  3259 | D:4      | Found Fesh's Book Boutique.
  3322 | D:4      | Learned a level 4 spell: Hailstorm
  3855 | D:3      | Found Jawneidd's Distillery.
  3864 | D:3      | Bought a potion of curing for 30 gold pieces
  3864 | D:3      | Bought 2 potions of heal wounds for 100 gold pieces
  4070 | D:5      | Entered Level 5 of the Dungeon
  4102 | D:5      | Reached XP level 7. HP: 36/49 MP: 0/13
  4360 | D:5      | Found a radiant altar of Vehumet.
  4382 | D:5      | Found a stormy altar of Qazlal.
  4385 | D:5      | Found a bloodstained altar of Trog.
  4655 | D:5      | Found a staircase to the Ecumenical Temple.
  4679 | Temple   | Entered the Ecumenical Temple
  4861 | Temple   | Became a worshipper of Cheibriados the Contemplative
  4923 | D:5      | Reached skill level 7 in Ice Magic
  5445 | D:6      | Reached skill level 5 in Spellcasting
  5685 | D:6      | Reached XP level 8. HP: 42/56 MP: 12/15
  6078 | D:6      | Reached skill level 1 in Shields
  6086 | D:6      | Reached * piety under Cheibriados
  6702 | D:6      | Mangled by an ice beast

Illustrated notes

Levels and vault maps discovered:
D:1:      tarquinn_simple_flora_water_c, layout_basic,
          chequers_ecumenical_altar_island, minmay_cupped
D:2:      layout_loops_corners, minmay_small_reverse_x
D:3:      layout_loops_cross, serial_shops, nicolae_square_shop
D:4:      layout_gridville, serial_shops, kennysheep_mini
D:5:      layout_basic, vehumet_statue,
          chequers_temple_overflow_statue_of_worship, temple_green
D:6:      layout_rooms
Temple:   nicolae_temple_bog_church

Skill      XL: |  1  2  3  4  5  6  7  8 |
---------------+-------------------------+-----
Ice Magic      | 5 6 7 |  7.8
Stealth        | 2 |  2.7
Dodging        | 3 4 |  4.1
Fighting       | 1 2 |  2.7
Spellcasting   | 3 4 5 6 |  6.0
Polearms       | 1 2 3 |  3.1
Armour         | 1 2 3 |  3.3
Shields        | 1 |  1.1
Short Blades   | |  0.1

Action                   |  1- 3 |  4- 6 |  7- 9 || total
-------------------------+-------+-------+-------++-------
Melee: Unarmed           |     4 |       |       ||     4
       Spear             |    44 |   136 |   101 ||   281
       Short sword       |     7 |       |       ||     7
       Punch             |       |     1 |     2 ||     3
 Cast: Freeze            |    39 |    48 |    52 ||   139
       Frozen Ramparts   |       |       |     3 ||     3
       Ozocubu's Armour  |       |       |     1 ||     1
 Abil: Hop               |       |       |     1 ||     1
  Use: Scroll            |       |     5 |     6 ||    11
       Potion            |       |       |     8 ||     8
 Stab: Sleeping          |     3 |     3 |     2 ||     8
Armor: Robe              |    14 |       |       ||    14
       Leather armour    |       |    39 |    35 ||    74
Dodge: Dodged            |    62 |    80 |   110 ||   252
Block: Buckler           |       |       |    27 ||    27
